 Dungeon Crawl Stone Soup version 0.31.0-2-g5a2aebc5c2 (webtiles) character file.

Game seed: 15856327986721359831

322 Sweeb the Conjurer (level 6, -1/36 HPs)
             Began as an Octopode Conjurer on Jan 20, 2024.
             Slain by Maggie
             ... wielding a +1 long sword of flaming
              (14 damage)
             ... on level 6 of the Dungeon.
             The game lasted 00:09:50 (4338 turns).

Sweeb the Conjurer (Octopode Conjurer)              Turns: 4338, Time: 00:09:50

Health: -1/36      AC:  1    Str:  3 (6)  XL:     6   Next: 47%
Magic:  5/11       EV: 13    Int: 20 (22) God:
Gold:   293        SH:  0    Dex:  9 (11) Spells: 9/12 levels left

rFire   + . .        (no weapon)
rCold   . . .        (no shield)
rNeg    . . .        (helmet restricted)
rPois   .            k - amulet of regeneration
rElec   .            d - ring of protection from fire
rCorr   .            (no ring)
SInv    .            (no ring)
Will    .....        (no ring)
Stlth   +++          (no ring)
HPRegen 1.06/turn    (no ring)
MPRegen 0.12/turn    (no ring)
                     (no ring)

%: no passive effects
@: mesmerised, very slightly contaminated
A: almost no armour, amphibious, 8 rings, camouflage 1, gelatinous body 1,
(nimble swimmer 1), tentacles
a: no special abilities


You were on level 6 of the Dungeon.
You visited 1 branch of the dungeon, and saw 5 of its levels.

You collected 293 gold pieces.

Inventory:

Jewellery
 d - a ring of protection from fire (left tentacle)
 k - an amulet of regeneration (around mantle)
 l - a ring of fire
Wands
 h - a wand of roots (3)
Scrolls
 e - a scroll of poison
 g - a scroll of brand weapon {unknown}
 m - a scroll of fog {unknown}
 p - a scroll of teleportation {unknown}
Potions
 b - 2 potions of attraction {unknown}
 c - a potion of might {unknown}
 f - a potion of degeneration
 i - a potion of lignification {unknown}
 n - a potion of enlightenment {unknown}
 o - a potion of curing {unknown}


   Skills:
 + Level 4.1 Dodging
 - Level 2.6 Stealth
 + Level 3.8 Spellcasting
 + Level 5.4 Conjurations


You had 9 spell levels left.
You knew the following spells:

 Your Spells              Type           Power      Damage    Failure   Level
a - Magic Dart            Conj           100%       1d8       1%          1
b - Searing Ray           Conj           50%        2d6       2%          2

Your spell library contained the following spells:

 Spells                   Type           Power      Damage    Failure   Level
 Fulminant Prism          Conj/Alch      7%         3d6       41%         4
 Iskenderun's Mystic Bla  Conj/Tloc      14%        2d5       41%         4


Dungeon Overview and Level Annotations

Branches:
Dungeon (4/15)
 Temple: D:4-7

Altars:
Dithmenos
Ru
Zin

Shops:
D:4 =   D:6 *

Annotations:
D:6 Eustachio, Maggie


Innate Abilities, Weirdness & Mutations

You cannot wear most types of armour.
You are amphibious.
You can wear up to eight rings at the same time.
Your skin changes colour to match your surroundings (Stealth+).
Your rubbery body absorbs attacks. (AC +1, EV +1)
((You are camouflaged when in or above water. (Stealth+)))
You have tentacles for arms and can constrict up to eight enemies at once.


Message History

Maggie is heavily wounded.
You finish channelling your searing ray.
Maggie hits you with a +1 long sword of flaming!
Maggie burns you.
Unknown command.
Magic courses through your body. Maggie closely misses you.
Okay, then.
Casting: Searing Ray (safe; 2% risk of failure)
Confirm with . or Enter, or press ? or * to list all spells.
Aiming: Searing Ray (safe; 2% risk of failure)
Press: ? - help, Shift-Dir - straight line, f/p - Maggie
Aim: Maggie, wielding a +1 long sword of flaming and wearing +0 swamp dragon scales (heavily wounded, mesmerising, 82% to hit)
You miscast Searing Ray.
You are very lightly contaminated with residual magic.
Nothing appears to happen.
Maggie practices a pose.
Maggie hits you with a +1 long sword of flaming!
Maggie barely misses you.
Unknown command.
You feel much better.
Maggie hits you with a +1 long sword of flaming!
Maggie burns you.
Casting: Searing Ray (safe; 2% risk of failure)
Confirm with . or Enter, or press ? or * to list all spells.
Aiming: Searing Ray (safe; 2% risk of failure)
Press: ? - help, Shift-Dir - straight line, f/p - Maggie
Aim: Maggie, wielding a +1 long sword of flaming and wearing +0 swamp dragon scales (heavily wounded, mesmerising, 82% to hit)
The searing ray hits Maggie.
Maggie is heavily wounded. (Press . to maintain the ray.) Maggie hits you with a +1 long sword of flaming!
Maggie burns you.
The searing ray hits Maggie.
Maggie is heavily wounded.
Maggie barely misses you.
The searing ray hits Maggie but does no damage.
Maggie is heavily wounded.
Maggie mumbles the words to a spell, but in the wrong order.
Maggie hits you with a +1 long sword of flaming!
You die...

................
................
...............#
#...........###
#...........#
##."........# #
##........## .##
#####..@## P..#
###@# ##P..##
#.# .......
#.##....... #
#....# ###
##.### ..###
#.## ....###
#..# ......##
#..# .......##
###..#####


You could see Maggie (mesmerising).

Vanquished Creatures
  An ogre (D:4)
  A bombardier beetle (D:4)
  2 hounds (D:4)
  An orc wizard (D:4)
  6 adders
  3 dart slugs
  4 orcs
  5 endoplasms
  6 giant cockroaches
  3 goblins
  2 hobgoblins
  4 jackals (D:3)
  3 quokkas
  7 ball pythons
  6 bats
  2 frilled lizards (D:2)
  6 kobolds
  3 rats
65 creatures vanquished.

Notes
Turn   | Place    | Note
-------+----------+-------------------------------------------
     0 | D:1      | Sweeb the Octopode Conjurer began the quest for the Orb.
     0 | D:1      | Reached XP level 1. HP: 11/11 MP: 3/3
   440 | D:1      | Reached XP level 2. HP: 17/17 MP: 3/5
  1090 | D:2      | Reached XP level 3. HP: 12/21 MP: 0/6
  2025 | D:3      | Found a shadowy altar of Dithmenos.
  2218 | D:3      | Reached XP level 4. HP: 27/27 MP: 5/8
  2670 | D:3      | Learned a level 2 spell: Searing Ray
  2882 | D:3      | Found a sacrificial altar of Ru.
  3419 | D:4      | Reached XP level 5. HP: 31/31 MP: 4/9
  3864 | D:4      | Reached skill level 5 in Conjurations
  3938 | D:4      | Reached XP level 6. HP: 36/36 MP: 8/11
  4113 | D:4      | Found Yrizot's Jewellery Emporium.
  4113 | D:4      | You fall into a shaft and drop 2 floors!
  4113 | D:6      | Found Wiafaol's General Store.
  4201 | D:6      | Found a glowing silver altar of Zin.
  4207 | D:6      | Noticed Eustachio
  4312 | D:6      | Noticed Maggie
  4338 | D:6      | Slain by Maggie

Illustrated notes

Levels and vault maps discovered:
D:1:      amcnicky_arrival_abandoned_market, layout_basic, minmay_pentomino_q4
D:2:      layout_loops_corners, st_stairs_14
D:3:      layout_basic, lemuel_tele_altar, nicolae_ru_the_path_less_chosen
D:4:      layout_basic, serial_shops, shop
D:6:      layout_cave_pods, grunt_temple_overflow_growth_and_decay,
          general_overflow_altar, serial_shops, shop, nicolae_shop_waterfront,
          nicolae_shop_rolling_square, shop, nicolae_shop_mannequins,
          uniq_jeremiah, uniq_pikel, uniq_maggie, uniq_eustachio

Skill      XL: |  1  2  3  4  5  6 |
---------------+-------------------+-----
Dodging        | 3 4 |  4.1
Spellcasting   | 3 |  3.8
Conjurations   | 5 |  5.4
Stealth        | |  2.6

Action                     |  1- 3 |  4- 6 || total
---------------------------+-------+-------++-------
  Melee: Unarmed           |     4 |    13 ||    17
         Constrict         |     3 |     3 ||     6
         Tentacles         |     1 |     3 ||     4
         Punch             |     1 |       ||     1
   Cast: Magic Dart        |    60 |    69 ||   129
         Searing Ray       |       |     8 ||     8
    Use: Scroll            |       |     3 ||     3
         Potion            |       |     4 ||     4
 Armour: Skin              |     5 |    25 ||    30
  Dodge: Dodged            |    11 |    21 ||    32
